 Dungeon Crawl Stone Soup version 0.30-a0-1070-gd49b78fada (webtiles) character file.

Game seed: 10061674712797741087

18926 Ijustatesigmund the Thaumaturge (level 12, -8/66 HPs)
             Began as a Deep Elf Conjurer on Apr 12, 2023.
             Was a Priest of Cheibriados.
             Shot with an arrow by a centaur warrior (19 damage)
             ... on level 14 of the Dungeon on Apr 13, 2023.
             The game lasted 00:44:54 (20525 turns).

Ijustatesigmund the Thaumaturge (DECj)             Turns: 20525, Time: 00:44:55

Health: -8/66      AC:  9    Str: 10    XL:     12   Next: 32%
Magic:  30/30      EV: 14    Int: 38    God:    Cheibriados [***...]
Gold:   733        SH:  9    Dex: 19    Spells: 15/36 levels left

rFire   . . .      SeeInvis .    t - staff of conjuration
rCold   . . .      Faith    .    C - +3 warlock's mirror {omnireflect}
rNeg    . . .      Spirit   .    a - +0 troll leather armour
rPois   +          Reflect  +    (helmet restricted)
rElec   .          Rampage  .    (no cloak)
rCorr   .                        z - +1 pair of gloves "Zuusooni" {rPois Int+3}
Will    +....                    g - +2 pair of boots
Stlth   ++                       (no amulet)
HPRegen 1.11/turn                (no ring)
MPRegen 0.22/turn                (no ring)

@: mighty, about to teleport, marked, spiked, frozen, unable to drink, very slow
A: antennae 1, inability to drink after injury 1
a: Renounce Religion, Bend Time, Temporal Distortion


You were on level 14 of the Dungeon.
You worshipped Cheibriados.
Cheibriados was most pleased with you.
You visited 2 branches of the dungeon, and saw 15 of its levels.

You collected 918 gold pieces.
You spent 185 gold pieces at shops.

Inventory:

Hand Weapons
 d - a +6 long sword
 o - a +5 sling of draining
Missiles
 k - a throwing net
Armour
 a - a +0 troll leather armour (worn)
 g - a +2 pair of boots (worn)
 z - the +1 pair of gloves "Zuusooni" (worn) {rPois Int+3}
   (You found it on level 5 of the Dungeon)

   Int:       It affects your intelligence (+3).
   rPois:     It protects you from poison.
 C - the +3 warlock's mirror (worn) {omnireflect}
   (You acquired it on level 7 of the Dungeon)

   Omnireflect: It can block and reflect piercing ranged attacks and magical
   attacks against the wielder's willpower.
Magical Staves
 t - a staff of conjuration (weapon)
Jewellery
 w - a ring of willpower
Wands
 c - a wand of mindburst (12)
 j - a wand of polymorph (5)
 y - a wand of roots (3)
 A - a wand of digging (7)
Scrolls
 i - a scroll of fear
 m - a scroll of immolation
 p - 2 scrolls of amnesia
 q - a scroll of teleportation
 u - a scroll of identify
 x - 2 scrolls of magic mapping
Potions
 b - 2 potions of magic
 e - 3 potions of flight
 f - 2 potions of resistance
 h - 2 potions of lignification
 l - 2 potions of heal wounds
 n - 3 potions of berserk rage
 r - a potion of curing
 s - 2 potions of cancellation {unknown}
 v - 2 potions of might
 B - 2 potions of ambrosia {unknown}
Miscellaneous
 D - a box of beasts (inert)


   Skills:
 - Level 4.3 Fighting
 - Level 2.2 Staves
 - Level 4.5 Ranged Weapons
 + Level 3.4 Armour
 - Level 5.4 Dodging
 - Level 2.4 Stealth
 - Level 4.2 Shields
 - Level 12.7 Spellcasting
 - Level 11.3 Conjurations
 + Level 2.8 Necromancy
 - Level 7.1 Translocations
 + Level 2.3 Air Magic
 + Level 2.5 Earth Magic
 + Level 2.6 Poison Magic
 - Level 6.6 Invocations
 - Level 4.9 Evocations


You had 15 spell levels left.
You knew the following spells:

 Your Spells              Type           Power      Damage    Failure   Level
a - Magic Dart            Conj           100%       1d8       1%          1
b - Searing Ray           Conj           100%       2d8       1%          2
c - Iskenderun's Mystic   Conj/Tloc      96%        2d19      1%          4
d - Teleport Other        Tloc           67%        N/A       1%          3
e - Dispel Undead         Necr           46%        3d18      9%          4
f - Apportation           Tloc           100%       N/A       1%          1
g - Mephitic Cloud        Conj/Pois/Air  78%        N/A       1%          3
h - Stone Arrow           Conj/Erth      100%       3d13      1%          3

Your spell library contained the following spells:

 Spells                   Type           Power      Damage    Failure   Level
 Kiss of Death            Conj/Necr      100%       2d13      1%          1
 Sandblast                Erth           86%        2d18      1%          1
 Lesser Beckoning         Tloc           100%       N/A       1%          2
 Dazzling Flash           Conj/Hex       100%       N/A       1%          3
 Gell's Gravitas          Tloc           67%        N/A       1%          3
 Volatile Blastmotes      Fire/Tloc      100%       2d18      1%          3
 Passwall                 Tmut/Erth      27%        N/A       2%          2
 Fulminant Prism          Conj/Hex       39%        3d17      2%          4
 Call Imp                 Summ           48%        N/A       4%          2
 Confusing Touch          Hex            24%        N/A       8%          3
 Olgreb's Toxic Radiance  Pois           44%        N/A       9%          4
 Dispersal                Tloc           33%        N/A       22%         6
 Lee's Rapid Deconstruct  Erth           21%        3d12*     26%         5
 Alistair's Intoxication  Tmut/Pois      22%        N/A       41%         5
 Discord                  Hex            12%        N/A       100%        8
 Ignition                 Fire           12%        3d6       100%        8


Dungeon Overview and Level Annotations

Branches:
Dungeon (14/15)            Temple (1/1) D:5            Lair (0/5) D:11
    Orc (0/2) D:10         Vaults (0/5) D:13

Altars:
Ashenzari
Cheibriados
Dithmenos
Elyvilon
Fedhas
Gozag
Hepliaklqana
Kikubaaqudgha
Makhleb
Nemelex Xobeh
Okawaru
Qazlal
Ru
Sif Muna
Trog
Uskayaw
Vehumet
Wu Jian
Xom
Yredelemnul
Zin
The Shining One

Shops:
D:3 ?   D:5 ?   D:8 :

Annotations:
D:10 2 runed translucent doors, libidonplus's ghost, novice AtBe
D:14 1 transporter


Innate Abilities, Weirdness & Mutations

You have a pair of small antennae on your head.
You occasionally lose the ability to drink potions when taking damage.


Message History

The manticore flicks its tail.
The volley of spikes hits you!
The barbed spikes become lodged in your body.
It was a potion of might.
You feel very mighty all of a sudden.
The manticore flicks its tail.
The volley of spikes misses you.
Aiming: Charm
Press: ? - help, Shift-Dir - straight line, f - manticore
Aim: a manticore (chance to affect: 44%)
The manticore resists with some effort.
The manticore flicks its tail.
The volley of spikes hits you.
The barbed spikes become lodged in your body.
A wraith comes into view.
Aiming: Charm
Press: ? - help, Shift-Dir - straight line, f/p - manticore
Aim: a manticore (chance to affect: 44%)
The manticore resists with some effort.
A rime drake comes into view.
The manticore flicks its tail.
The volley of spikes hits you!
The barbed spikes become lodged in your body.
Aiming: Charm
Press: ? - help, Shift-Dir - straight line, f/p - manticore
Aim: a manticore (chance to affect: 44%)
The manticore is charmed.
The now-empty wand crumbles to dust.
A centaur warrior comes into view.
A vampire comes into view.
The rime drake breathes ice at you. The icy flash freeze hits you!!
You feel threatened and lose the ability to drink potions!
* * * LOW HITPOINT WARNING * * *
You are encased in ice.
You cannot drink potions in your current state!
As you read the scroll of teleportation, it crumbles to dust.
You feel strangely unstable.
The rime drake changes into a shapeshifter!
The centaur warrior wields a +0 shortbow.
The centaur warrior shoots an arrow.
The arrow hits you!!
You die...

.##..
#....###.......##..
.... #..............#
#... #......##.##+#.#
###... #......##.# (#
...#.####......##.#
.#
..##.....##......##.#
#
#......#.####'#####.#
#.c.####.......#
#.©....#.(..@.....p..
########........H....
.)©) {##...#########
#[= #...# ## #...# .
#..W# ....# #..V##


You could see a centaur warrior, a shapeshifter, a vampire, a wraith and a
friendly manticore (charmed).

Vanquished Creatures
  2 two-headed ogres
  2 dancing weapons (D:13)
  An ugly thing (D:12)
  Pikel (D:5)
  9 cyclopes
  2 gargoyles
  A kobold demonologist (D:10)
  3 unseen horrors
  6 trolls
  2 hornets
  11 slime creatures
  3 shadows
  A wyvern (D:11)
  3 yaks (D:9)
  4 wraiths
  A basilisk (D:11)
  4 vampire mosquitoes
  A steam dragon (D:10)
  3 water moccasins
  7 black bears
  An ice beast (D:4)
  4 orc warriors
  2 ogres
  3 wolves (D:11)
  2 centaurs
  3 lemures (D:4)
  2 kobold brigands
  3 bullfrogs
  2 gnoll sergeants
  A scorpion (D:6)
  3 wights (D:6)
  4 killer bees (D:8)
  6 howler monkeys
  8 jellies
  A gnoll bouda (D:6)
  10 hounds
  3 orc priests
  2 sleepcaps (D:5)
  6 iguanas
  4 orc wizards
  5 adders
  15 gnolls
  A shadow imp (D:8)
  3 white imps (D:6)
  3 ufetubi
  2 dart slugs
  31 orcs
  6 bats
  5 endoplasms
  2 giant cockroaches (D:1)
  7 goblins
  6 hobgoblins
  6 jackals
  11 kobolds
  4 quokkas
  8 ball pythons
  2 frilled lizards (D:2)
  4 rats
258 creatures vanquished.

Vanquished Creatures (collateral kills)
  Urug (D:10)
  A gnoll bouda (D:7)
  A gnoll (D:7)
3 creatures vanquished.

Vanquished Creatures (others)
  4 fungi (D:11)
  20 plants
  3 withered plants (D:3)
27 creatures vanquished.

Grand Total: 288 creatures vanquished

Notes
Turn   | Place    | Note
-------+----------+-------------------------------------------
     0 | D:1      | Ijustatesigmund the Deep Elf Conjurer began the quest for
                  | the Orb.
     0 | D:1      | Reached XP level 1. HP: 10/10 MP: 6/6
   129 | D:1      | Reached XP level 2. HP: 13/15 MP: 0/8
   201 | D:1      | Learned a level 2 spell: Searing Ray
   785 | D:1      | Reached skill level 4 in Spellcasting
   785 | D:1      | Reached skill level 5 in Conjurations
   880 | D:1      | Reached XP level 3. HP: 19/19 MP: 7/10
  2057 | D:2      | Reached skill level 1 in Ranged Weapons
  2057 | D:2      | Reached XP level 4. HP: 24/24 MP: 8/12
  2323 | D:3      | Reached skill level 5 in Spellcasting
  2372 | D:3      | Learned a level 4 spell: Iskenderun's Mystic Blast
  2510 | D:3      | Found a faded altar of an unknown god.
  2603 | D:3      | Found Unimaupp's Magic Scroll Shop.
  2611 | D:3      | Bought a scroll of identify for 20 gold pieces
  2611 | D:3      | Bought a scroll of identify for 20 gold pieces
  2611 | D:3      | Bought a scroll of amnesia for 40 gold pieces
  2726 | D:3      | Reached XP level 5. HP: 28/28 MP: 9/14
  2878 | D:3      | Reached skill level 1 in Translocations
  3616 | D:4      | Noticed a lemure
  3616 | D:4      | Noticed a lemure
  3616 | D:4      | Noticed a lemure
  3617 | D:4      | Noticed Pikel
  3624 | D:4      | Killed a lemure
  3626 | D:4      | Noticed a lemure
  3627 | D:4      | Killed a lemure
  3634 | D:4      | Killed a lemure
  3637 | D:5      | Entered Level 5 of the Dungeon
  3736 | D:5      | Killed Pikel
  3737 | D:5      | Reached skill level 6 in Spellcasting
  3737 | D:5      | Reached XP level 6. HP: 12/32 MP: 10/17
  3737 | D:5      | Reached XP level 7. HP: 14/36 MP: 10/18
  5055 | D:5      | Found Tetareum's Magic Scroll Shop.
  5062 | D:5      | Bought a scroll of magic mapping for 105 gold pieces
  5076 | D:5      | Found a staircase to the Ecumenical Temple.
  5086 | Temple   | Entered the Ecumenical Temple
  5186 | D:5      | Reached skill level 1 in Fighting
  5186 | D:5      | Reached skill level 7 in Spellcasting
  5508 | D:5      | Identified the +1 pair of gloves "Zuusooni" {rPois Int+3}
  5659 | D:5      | Reached XP level 8. HP: 43/43 MP: 7/21
  6184 | D:5      | Identified a scroll of acquirement
  6184 | D:5      | Acquired a staff of conjuration
  6416 | D:5      | Found a shadowy altar of Dithmenos.
  6774 | D:6      | Noticed a hornet
  7000 | D:6      | Killed a hornet
  7080 | D:6      | Reached skill level 8 in Spellcasting
  7080 | D:6      | Reached skill level 5 in Translocations
  7304 | D:6      | Upgraded the game from 0.30-a0-1059-g7dea3e163d to
                  | 0.30-a0-1070-gd49b78fada
  7402 | D:6      | Reached skill level 1 in Evocations
  7655 | D:6      | Reached XP level 9. HP: 50/50 MP: 3/23
  8816 | D:6      | Reached skill level 9 in Spellcasting
  9102 | D:6      | Found a burning altar of Makhleb.
  9118 | D:6      | Learned a level 3 spell: Teleport Other
  9774 | D:7      | Acquired the +3 warlock's mirror {omnireflect}
  9774 | D:7      | Found the +3 warlock's mirror {omnireflect}
  9905 | D:7      | Found a shimmering altar of Xom.
  9960 | D:7      | Found a sparkling altar of Nemelex Xobeh.
 10222 | D:8      | Reached skill level 1 in Shields
 10222 | D:8      | Reached skill level 10 in Spellcasting
 11428 | D:8      | Found Xeir's Tremendous Tomes.
 11666 | D:9      | Reached skill level 1 in Staves
 11666 | D:9      | Reached XP level 10. HP: 56/56 MP: 17/26
 12335 | D:9      | Found an opulent altar of Gozag.
 12338 | D:9      | Found a radiant altar of Vehumet.
 12338 | D:9      | Found a stormy altar of Qazlal.
 12341 | D:9      | Found a snail-covered altar of Cheibriados.
 12357 | D:9      | Became a worshipper of Cheibriados the Contemplative
 12493 | D:9      | Found a hazy altar of Hepliaklqana.
 12613 | D:9      | Reached skill level 1 in Invocations
 13027 | D:10     | Entered Level 10 of the Dungeon
 13080 | D:10     | Found a sacrificial altar of Ru.
 13090 | D:10     | Reached skill level 11 in Spellcasting
 13090 | D:10     | Reached skill level 10 in Conjurations
 13149 | D:10     | Found a runed translucent door.
 13259 | D:10     | Found a staircase to the Orcish Mines.
 13282 | D:10     | Noticed Urug
 13293 | D:10     | Killed Urug
 13637 | D:10     | Found a blossoming altar of Fedhas.
 13753 | D:10     | Found a runed translucent door.
 13754 | D:10     | Noticed a death knight
 13754 | D:10     | Noticed an ogre mage
 13755 | D:10     | Noticed a necromancer
 13757 | D:10     | Noticed a wolf spider
 13758 | D:10     | Noticed a lich
 13758 | D:10     | Noticed a skeletal warrior
 13759 | D:10     | Noticed libidonplus's ghost (novice AtBe)
 13957 | D:10     | Noticed a skeletal warrior
 14407 | D:11     | Noticed a cyclops
 14422 | D:11     | Killed a cyclops
 14561 | D:11     | Reached XP level 11. HP: 60/60 MP: 23/28
 14564 | D:11     | Reached * piety under Cheibriados
 14633 | D:11     | Reached skill level 12 in Spellcasting
 14689 | D:11     | Noticed a two-headed ogre
 15156 | D:13     | Identified the +0 leather armour of Quiescent Amelioration
                  | {Str+2}
 15518 | D:13     | Found a gate to the Vaults.
 15518 | D:13     | Noticed a +6 long sword
 15518 | D:13     | Noticed a +4 long sword
 15548 | D:13     | Reached skill level 5 in Invocations
 15908 | D:12     | HP: 3/60 [cyclops/large rock (6)]
 16002 | D:11     | Killed a two-headed ogre
 16244 | D:11     | Found a staircase to the Lair.
 16604 | D:11     | You fall into a shaft and drop 2 floors!
 16659 | D:12     | Reached ** piety under Cheibriados
 16660 | D:12     | Reached skill level 5 in Dodging
 16669 | D:12     | Noticed a cyan ugly thing
 16760 | D:12     | Killed a cyan ugly thing
 16966 | D:12     | Gained mutation: You are frail. (-10% HP) [potion of
                  | mutation]
 16966 | D:12     | Gained mutation: You passively dampen the noise of your
                  | surroundings. [potion of mutation]
 16966 | D:12     | Gained mutation: You occasionally lose the ability to read
                  | scrolls when taking damage. [potion of mutation]
 16967 | D:12     | Lost mutation: You passively dampen the noise of your
                  | surroundings. [potion of mutation]
 16967 | D:12     | Lost mutation: You occasionally lose the ability to read
                  | scrolls when taking damage. [potion of mutation]
 16967 | D:12     | Lost mutation: You are frail. (-10% HP) [potion of
                  | mutation]
 16967 | D:12     | Gained mutation: You are agile. (Dex +4, Str/Int -1)
                  | [potion of mutation]
 16967 | D:12     | Gained mutation: You occasionally lose the ability to read
                  | scrolls when taking damage. [potion of mutation]
 16967 | D:12     | Gained mutation: You expend magic power (3 MP) to
                  | strengthen your wands. [potion of mutation]
 16967 | D:12     | Gained mutation: You are covered in fur. (AC +1) [potion of
                  | mutation]
 16968 | D:12     | Lost mutation: You are agile. (Dex +4, Str/Int -1) [potion
                  | of mutation]
 16968 | D:12     | Lost mutation: You are covered in fur. (AC +1) [potion of
                  | mutation]
 16968 | D:12     | Lost mutation: You expend magic power (3 MP) to strengthen
                  | your wands. [potion of mutation]
 16968 | D:12     | Gained mutation: You have a pair of small antennae on your
                  | head. [potion of mutation]
 16968 | D:12     | Gained mutation: Your body sometimes deteriorates upon
                  | taking damage. [potion of mutation]
 16969 | D:12     | Lost mutation: You have a pair of small antennae on your
                  | head. [potion of mutation]
 16969 | D:12     | Lost mutation: Your body sometimes deteriorates upon taking
                  | damage. [potion of mutation]
 16969 | D:12     | Lost mutation: You occasionally lose the ability to read
                  | scrolls when taking damage. [potion of mutation]
 16969 | D:12     | Gained mutation: Your body sometimes deteriorates upon
                  | taking damage. [potion of mutation]
 16969 | D:12     | Gained mutation: Your muscles are strong. (Str +4, Int/Dex
                  | -1) [potion of mutation]
 16970 | D:12     | Lost mutation: Your body sometimes deteriorates upon taking
                  | damage. [potion of mutation]
 16970 | D:12     | Lost mutation: Your muscles are strong. (Str +4, Int/Dex
                  | -1) [potion of mutation]
 16970 | D:12     | Gained mutation: You occasionally lose the ability to drink
                  | potions when taking damage. [potion of mutation]
 16970 | D:12     | Gained mutation: You have a pair of small antennae on your
                  | head. [potion of mutation]
 18590 | D:12     | Reached skill level 1 in Armour
 19270 | D:12     | Noticed a two-headed ogre
 19277 | D:12     | Killed a two-headed ogre
 19278 | D:12     | Reached XP level 12. HP: 66/66 MP: 14/30
 19489 | D:12     | Learned a level 4 spell: Dispel Undead
 19491 | D:12     | Learned a level 1 spell: Apportation
 19495 | D:12     | Learned a level 3 spell: Mephitic Cloud
 19499 | D:12     | Learned a level 3 spell: Stone Arrow
 19609 | D:13     | Reached skill level 1 in Necromancy
 19609 | D:13     | Reached skill level 1 in Earth Magic
 19609 | D:13     | Reached skill level 1 in Poison Magic
 19737 | D:13     | Reached skill level 1 in Air Magic
 20131 | D:13     | Reached *** piety under Cheibriados
 20512 | D:14     | Found a transporter.
 20524 | D:14     | Noticed a centaur warrior
 20525 | D:14     | Shot with an arrow by a centaur warrior

Illustrated notes

Levels and vault maps discovered:
D:1:      wander_arrival_abandoned_jail, layout_loops_ring
D:2:      layout_loops_ring
D:3:      layout_basic, serial_shops, nicolae_shop_crystal,
          shapermc_ecumenical_altar_flowoftime
D:4:      layout_loops_ring, minmay_misc_feat_iff, minmay_misc_feat_room,
          hex_medium, uniq_pikel
D:5:      layout_loops_cross, grunt_dithmenos_smoke_and_mirrors, temple_green,
          serial_shops, shop_fountains, minmay_quadrilaterals
D:6:      hangedman_cross_stitches, layout_basic, bloody_makhleb
D:7:      layout_rooms, pf_just_have_faith, mainiacjoe_overflow_brackets,
          reono_crystal_passage
D:8:      layout_basic, kennysheep_nub, minmay_misc_feat_rows,
          nicolae_shop_i_like_big_books, chequers_avenue,
          minmay_stone_trees_large
D:9:      layout_stronghold, mainiacjoe_overflow_tiny_flanked,
          grunt_temple_overflow_open
D:10:     layout_basic, mainiacjoe_overflow_boulevard, fedhas_ov_isle_minmay,
          orc_0_dummy, muffindrake_ghost_dual_entry, uniq_urug
D:11:     layout_basic, minmay_lair_entry_grove, serial_corexii_hall,
          corexii_hall_statues_u, corexii_hall_statues_u
D:12:     layout_basic
D:13:     layout_long_grid, erik_vaults_1
D:14:     gammafunk_cloud_chamber, layout_basic, hangedman_ru_absence,
          kennysheep_generic_room_11
Temple:   nicolae_temple_ecumenical_triangle

Skill      XL: |  1  2  3  4  5  6  7  8  9 10 11 12 |
---------------+-------------------------------------+-----
Spellcasting   | 4 5 6 7 8 10 11 12 | 12.7
Conjurations   | 5 6 7 8 9 10 11 | 11.3
Ranged Weapons | 1 2 4 |  4.5
Translocations | 2 4 5 6 7 |  7.1
Fighting       | 1 3 4 |  4.3
Evocations     | 1 2 4 |  4.9
Dodging        | 3 4 5 |  5.4
Shields        | 2 4 |  4.2
Staves         | 1 2 |  2.2
Invocations    | 4 6 |  6.6
Armour         | 2 3 |  3.4
Necromancy     | 2 |  2.8
Earth Magic    | 2 |  2.5
Poison Magic   | 2 |  2.6
Air Magic      | 2 |  2.3
Stealth        | |  2.4

Action                     |  1- 3 |  4- 6 |  7- 9 | 10-12 || total
---------------------------+-------+-------+-------+-------++-------
  Melee: Long sword        |     1 |       |       |       ||     1
         Staff             |       |       |     1 |     2 ||     3
   Fire: Sling             |     8 |    23 |     5 |       ||    36
   Cast: Magic Dart        |    69 |     5 |   107 |    71 ||   252
         Searing Ray       |     1 |    14 |    28 |     7 ||    50
         Iskenderun's Myst |       |       |    86 |   152 ||   238
         Teleport Other    |       |       |     1 |       ||     1
         Apportation       |       |       |       |     1 ||     1
  Evoke: Wand              |       |       |     4 |     8 ||    12
         Box of beasts     |       |       |       |     1 ||     1
    Use: Scroll            |     6 |     9 |     6 |    15 ||    36
         Potion            |       |     2 |       |    10 ||    12
 Armour: Robe              |     1 |     5 |    13 |    14 ||    33
         Troll leather arm |       |       |       |     3 ||     3
  Dodge: Dodged            |     2 |    13 |    34 |    31 ||    80
  Block: Buckler           |       |       |     4 |    38 ||    42
         Reflection        |       |       |     1 |    16 ||    17

Table legend: (Time is in decaauts)
 A = Elapsed time spent in this place.
 B = Non-inter-level travel time spent in this place.
 C = Inter-level travel time spent in this place.
 D = Time resting spent in this place.
 E = Time spent auto-exploring this place.
 F = Levels seen in this place.
 G = Mean time per level.
                   A        B        C        D        E       F      G
               +--------+--------+--------+--------+--------+-----+--------+
         Total |  21813 |  21272 |    541 |   8161 |  10986 |  15 | 1454.2 |
       Dungeon |  21769 |  21239 |    530 |   8161 |  10968 |  14 | 1554.9 |
        Temple |     43 |     33 |     10 |      0 |     18 |   1 |   43.0 |
               +--------+--------+--------+--------+--------+-----+--------+

Top non-repeatable levels by time:
    D:12: 2785 daAuts
     D:5: 2784 daAuts
    D:11: 2397 daAuts
    D:13: 2068 daAuts
     D:6: 1868 daAuts
     D:8: 1623 daAuts
     D:9: 1495 daAuts
     D:3: 1358 daAuts
     D:1: 1270 daAuts
    D:10: 1220 daAuts
     D:7: 955 daAuts
     D:4: 922 daAuts
     D:2: 852 daAuts
    D:14: 165 daAuts
  Temple: 43 daAuts
